 Dungeon Crawl Stone Soup version 0.27.1-2-g3b301248ec (webtiles) character file.

Game seed: 5030690506989790874

11 Turgor the Chiller (level 2, 0/19 HPs)
             Began as a Merfolk Ice Elementalist on Oct 1, 2021.
             Frozen to death by an endoplasm (4 damage)
             ... on level 1 of the Dungeon.
             The game lasted 00:04:19 (292 turns).

Turgor the Chiller (Merfolk Ice Elementalist)        Turns: 292, Time: 00:04:20

Health: 0/19       AC:  2    Str:  8    XL:     2   Next: 29%
Magic:  0/5        EV: 12    Int: 14    God:
Gold:   14         SH:  0    Dex: 14    Spells: 4/5 levels left

rFire    . . .     SeeInvis .   (no weapon)
rCold    . . .     Faith    .   (no shield)
rNeg     . . .     Spirit   .   a - +0 robe
rPois    .         Reflect  .   (no helmet)
rElec    .         Harm     .   (no cloak)
rCorr    .         Rampage  .   (no gloves)
Will     .....                  (no boots)
Stlth    ++........             (no amulet)
HPRegen  0.06/turn              (no ring)
MPRegen  0.09/turn              (no ring)

@: no status effects
A: (nimble swimmer 2), mertail
a: no special abilities


You were on level 1 of the Dungeon.
You visited 1 branch of the dungeon, and saw 1 of its levels.

You collected 14 gold pieces.

Inventory:

Missiles
 c - 17 stones
Armour
 a - a +0 robe (worn)
 e - a +0 ring mail
Potions
 b - a potion of lignification {unknown}
 d - 2 potions of curing {unknown}


   Skills:
 - Level 2.6 Dodging
 - Level 2.1 Stealth
 * Level 2.4 Spellcasting
 * Level 4.7 Ice Magic


You had 4 spell levels left.
You knew the following spells:

 Your Spells              Type           Power      Damage    Failure   Level
a - Freeze                Ice            56%        1d7       3%          1

Your spell library contained the following spells:

 Spells                   Type           Power      Damage    Failure   Level
 Frozen Ramparts          Ice            28%        1d4       10%         3
 Ozocubu's Armour         Ice            14%        N/A       10%         3
 Hailstorm                Conj/Ice       8%         3d4       65%         4


Dungeon Overview and Level Annotations

Branches:
Dungeon (1/15)

Altars:


Innate Abilities, Weirdness & Mutations

((You are quick and stealthy near water. (Stealth+, EV+, Speed+++)))
Your lower body shifts to a powerful aquatic tail in water.


Message History

The ball python grabs you. The ball python constricts you.
Your magical contamination has completely faded away.
The ball python's grasp on you weakens, but your attempt to escape fails.
The ball python bites you but does no damage.
The ball python constricts you.
You hit the ball python.
The ball python is heavily wounded.
The ball python closely misses you. The ball python constricts you.
The endoplasm barely misses you.
You hit the ball python but do no damage.
The ball python is heavily wounded.
The ball python bites you but does no damage.
The ball python constricts you. The endoplasm closely misses you.
The ball python bites you. The ball python constricts you.
You hit the ball python.
The ball python is severely wounded.
The endoplasm hits you. The ball python misses you.
The ball python constricts you.
You closely miss the ball python.
The ball python is heavily wounded.
The endoplasm freezes you.
You are frozen.
The ball python barely misses you. The ball python constricts you.
You closely miss the ball python.
The ball python is heavily wounded.
The ball python barely misses you. The ball python constricts you.
The endoplasm hits you.
Casting: Freeze (safe; 3% risk of failure)
Confirm with . or Enter, or press ? or * to list all spells.
Aiming: Freeze (safe; 3% risk of failure)
Press: ? - help, Shift-Dir - straight line, f - ball python
Aim: a ball python (heavily wounded, constricting you)
You freeze the ball python.
You kill the ball python!
The endoplasm freezes you.
You are frozen.
* * * LOW HITPOINT WARNING * * *
The endoplasm freezes you.
You are frozen.
You die...

#)# #........#.# ###......
#.######........#.# ####........
#......#........#.# ##....#######
######†...........###..##########
###.........###..#.#.#.#.#.#
#.........# #.#.#†#.#.#.#.
#.........###.##.#.≈≈≈≈≈.#
#.........##..#.#.#≈.<.≈#.
#.......J@†#.###.#.≈...≈.#
#............#..#.#≈...≈#.
####........##.#.#.≈≈≈≈≈.#
##...........#.#.#.#.#.
#.......###.#.#.#.#.#.# #.......#
#.....####### #.......# #######
##.....## ##...#


You could see an endoplasm.

Vanquished Creatures
  2 bats (D:1)
  An endoplasm (D:1)
  A giant cockroach (D:1)
  3 hobgoblins (D:1)
  2 ball pythons (D:1)
  A goblin (D:1)
10 creatures vanquished.

Notes
Turn   | Place    | Note
-------+----------+-------------------------------------------
     0 | D:1      | Turgor the Merfolk Ice Elementalist began the quest for the
                  | Orb.
     0 | D:1      | Reached XP level 1. HP: 13/13 MP: 3/3
   163 | D:1      | Reached XP level 2. HP: 19/19 MP: 0/5
   292 | D:1      | Frozen to death by an endoplasm

Illustrated notes

Levels and vault maps discovered:
D:1:      ncdulo_watergridlock, layout_rooms

Action                   || total
-------------------------++-------
Melee: Unarmed           ||    13
 Cast: Freeze            ||    15
Armor: Robe              ||    10
Dodge: Dodged            ||    28
